Map: Washout LE

Players

ricko

  • Race: Terran Terran
  • League: Diamond

A.I. 2 (Very Easy) - Winner!

  • Race: Zerg Zerg

VOD

Have the link to the VOD?

Description

Time

  • Played on: Oct. 15, 2026, 1:06 p.m.
  • Length: 2:23
Show
View Real Time Build Order
Export as new Build Order

ricko Terran 

Build Orders:  

Get SALT Encoding   

  12  0:00  SCV  
  13  0:12  SCV  
  14  0:17  Supply Depot  
  14  0:24  SCV  
  14  0:28  Refinery  
  15  0:38  SCV  
  16  0:44  Barracks  
  16  0:51  SCV  
  17  1:03  SCV  
  18  1:15  SCV  
  19  1:27  SCV  
  20  1:34  Factory  
  20  1:41  Orbital Command  
  20  1:48  Barracks Reactor  
  20  2:00  Supply Depot  
  20  2:07  SCV  
  21  2:08  Command Center  
  21  2:14  Supply Depot  
Show
View Real Time Build Order
Export as new Build Order

A.I. 2 (Very Easy) Zerg - Winner!

Build Orders: Pool Only 

Get SALT Encoding   

  12  0:01  Drone  
  13  0:12  Overlord  
  13  0:16  Drone  
  14  0:35  Spawning Pool  
  14  0:36  Extractor  
  14  0:40  Drone  
  13  0:47  Drone  
  14  0:53  Overlord  
  14  1:22  Zergling x2  
  14  1:23  Queen  
  17  1:34  Roach Warren  
  17  1:38  Drone  
  17  1:40  Zergling x2  
  17  1:42  Extractor  
  17  1:46  Drone  
  18  1:58  Zergling x2  
  18  1:59  Drone  
  20  2:10  Drone  
Tags
 
League
Diamond
Matchup
TvZ
Opening
Pool Only
Add a new tag
Caveats
  • Supply blocks, unpowered buildings, or Contaminate may cause inaccurate times.
  • Supply counts are checked every 10 seconds.